 Dungeon Crawl Stone Soup version 0.32-a0-131-g9dbbe29261 (webtiles) character file.

Game seed: 3175691244366007423

36 Esekla the Sneak (level 3, 11/26 HPs)
             Began as an Octopode Delver on Feb 9, 2024.
             Quit the game on level 5 of the Dungeon.
             The game lasted 00:01:07 (76 turns).

Esekla the Sneak (Octopode Delver)                    Turns: 76, Time: 00:01:07

Health: 11/26      AC:  1    Str: 11    XL:     3   Next: 37%
Magic:  3/4        EV: 13    Int: 14    God:
Gold:   12         SH:  0    Dex: 13    Spells: 3/3 levels left

rFire   . . .        a - +0 falchion
rCold   . . .        (no shield)
rNeg    . . .        (helmet restricted)
rPois   .            (no amulet)
rElec   .            (no ring)
rCorr   .            (no ring)
SInv    .            (no ring)
Will    .....        (no ring)
Stlth   ++++         (no ring)
HPRegen 0.24/turn    (no ring)
MPRegen 0.09/turn    (no ring)
                     (no ring)

%: no passive effects
@: no status effects
A: almost no armour, amphibious, 8 rings, camouflage 1, gelatinous body 1,
(nimble swimmer 1), tentacles
a: no special abilities


You were on level 5 of the Dungeon.
You visited 1 branch of the dungeon, and saw 1 of its levels.

You collected 12 gold pieces.

Inventory:

Hand Weapons
 a - a +0 falchion (weapon)
Wands
 f - a wand of digging (3)
Scrolls
 b - a scroll of fog
 d - a scroll of fear
Potions
 e - a potion of haste


   Skills:
 * Level 3.3 Fighting
 + Level 2.1 Long Blades
 * Level 2.3 Dodging
 + Level 7.2 Stealth
 * Level 0.7 Spellcasting


You had 3 spell levels left.
You didn't know any spells.
Your spell library contained the following spells:

 Spells                   Type           Power      Damage    Failure   Level
 Tukima's Dance           Hex            0%         N/A       63%         3
 Dimensional Bullseye     Hex/Tloc       0%         N/A       95%         4
 Iskenderun's Mystic Bla  Conj/Tloc      0%         2d3       95%         4
 Conjure Ball Lightning   Conj/Air       0%         3x3d6     100%        6
 Discord                  Hex            0%         N/A       100%        8
 Disjunction              Tloc           0%         N/A       100%        8


Dungeon Overview and Level Annotations

Branches:
Dungeon (5/15)
 Temple: D:4-7

Altars:
Cheibriados


Innate Abilities, Weirdness & Mutations

You cannot wear most types of armour.
You are amphibious.
You can wear up to eight rings at the same time.
Your skin changes colour to match your surroundings (Stealth+).
Your rubbery body absorbs attacks. (AC +1, EV +1)
((You are camouflaged when in or above water. (Stealth+)))
You have tentacles for arms and can constrict up to eight enemies at once.


Message History

The hound is severely wounded.
You constrict the hound. The hound barely misses you.
The hound closely misses you.
You hit the hound. You squeeze the hound.
The hound is almost dead.
You constrict the hound.
You kill the hound!
Your Stealth skill increases to level 7!
You have reached level 2!
You have reached level 3!
Your experience leads to an increase in your attributes!
Increase (S)trength, (I)ntelligence, or (D)exterity?
You feel clever. x2
Found a book of Chaos.
Found a stone staircase leading down.
A sleepcap comes into view.
The sleepcap moves out of view.
You see here a book of Chaos.
You pick up a book of Chaos and begin reading...
You add the spells Conjure Ball Lightning, Disjunction and Discord to your library.
You open the gate.
A ribbon worm comes into view.
Found a snail-covered altar of Cheibriados.
There is an open gate here.
As you close the gate, it creaks loudly!
The ribbon worm expels a string of sticky webbing.
The stream of webbing hits you but does no damage.
You are caught in a web!
There is a web here.
You struggle to detach yourself from the web.
The web tears apart.
You hit the ribbon worm. You grab the ribbon worm. You squeeze the ribbon worm.
The ribbon worm is moderately wounded.
You constrict the ribbon worm. The ribbon worm bites you.
You hit the ribbon worm but do no damage.
You squeeze the ribbon worm!
The ribbon worm is almost dead.
You constrict the ribbon worm. The ribbon worm bites you.
You slash the ribbon worm!
You kill the ribbon worm!
Are you sure you want to abandon this character and quit the game? (Confirm with "yes".)

..#.##...##.#...##.###.##.*
.........##.#...##.###.##.*
,...##...##.#...##.# *,**,*
,.#.###..##........#**,**,*
,,#.>.#..####...##...#,**,*
,,###......##########....,*******
,,**#.#..#....#.....#,...,,,,,,,,
,,,*#.#...).f.+.....#***#*****,**
,,*#.......ß..+.@.._# *,*
,,,...........+.....# *,*
,,.#..#.##....#.....# *,*
,..........##########* *,*
.........#..,,,,,,,,,* *,*
,,,,.......#*,***,,,,* *,*
,,,,*,#.##.**,* ***,,* *,*
,,*,*,*,**,**,*****,,*********,*
,,*,*,*,,,,,,,,,,,,,,,,,,,,,,,,*


There were no monsters in sight!

Vanquished Creatures
  A hound (D:5)
  A ribbon worm (D:5)
  An orc (D:5)
3 creatures vanquished.

Notes
Turn   | Place    | Note
-------+----------+-------------------------------------------
     0 | D:5      | Esekla the Octopode Delver began the quest for the Orb.
     0 | D:5      | Reached XP level 1. HP: 16/16 MP: 1/1
    11 | D:5      | Noticed an iguana
    40 | D:5      | Noticed a hound
    47 | D:5      | Killed a hound
    48 | D:5      | Reached skill level 7 in Stealth
    48 | D:5      | Reached XP level 2. HP: 10/21 MP: 1/3
    48 | D:5      | Reached XP level 3. HP: 12/26 MP: 1/4
    66 | D:5      | Found a snail-covered altar of Cheibriados.
    76 | D:5      | Quit the game

Illustrated notes

Levels and vault maps discovered:
D:5:      layout_basic, slow_altar_2, uniq_sigmund

Skill      XL: |  1 |
---------------+----+-----
Stealth        | 7 |  7.2
Fighting       | |  3.3
Long Blades    | |  2.1
Dodging        | |  2.3
Spellcasting   | |  0.7

Action                     || total
---------------------------++-------
  Melee: Falchion          ||     9
         Tentacles         ||     4
         Constrict         ||     2
    Use: Scroll            ||     1
 Armour: Skin              ||     8
  Dodge: Dodged            ||     2

Table legend: (Time is in decaauts)
 A = Elapsed time spent in this place.
 B = Non-inter-level travel time spent in this place.
 C = Inter-level travel time spent in this place.
 D = Time resting spent in this place.
 E = Time spent auto-exploring this place.
 F = Levels seen in this place.
 G = Mean time per level.
                   A        B        C        D        E       F      G
               +--------+--------+--------+--------+--------+-----+--------+
         Total |     77 |     77 |      0 |      0 |      0 |   1 |   77.0 |
       Dungeon |     77 |     77 |      0 |      0 |      0 |   1 |   77.0 |
               +--------+--------+--------+--------+--------+-----+--------+

Top non-repeatable levels by time:
     D:5: 77 daAuts
